 Dungeon Crawl Stone Soup version 0.27-a0-1006-g1fd4cec11e (webtiles) character file.

Game seed: 398667579681744074

91 siradein the Slasher (level 4, -7/35 HPs)
             Began as a Demonspawn Fighter on Apr 17, 2021.
             Mangled by Crazy Yiuf
             ... wielding a +4 quarterstaff of chaos
              (12 damage)
             ... on level 2 of the Dungeon.
             The game lasted 00:04:47 (3250 turns).

siradein the Slasher (Demonspawn Fighter)           Turns: 3250, Time: 00:04:49

Health: -7/35      AC:  7    Str: 16    XL:     4   Next: 34%
Magic:  13/13      EV:  7    Int:  9    God:
Gold:   56         SH:  8    Dex: 14    Spells: 3/3 levels left

rFire    . . .     SeeInvis .   l - +1 hand axe (elec)
rCold    + . .     Faith    .   c - +0 kite shield
rNeg     . . .     Spirit   .   f - +2 ring mail {rC+}
rPois    .         Reflect  .   (no helmet)
rElec    .         Harm     .   (no cloak)
rCorr    .         Rampage  .   (no gloves)
Will     .....                  (no boots)
Stlth    +.........             (no amulet)
HPRegen  0.11/turn              j - ring of magical power
MPRegen  0.26/turn              (no ring)

@: hasted, very quick
A: claws 1, magic regeneration
a: no special abilities


You were on level 2 of the Dungeon.
You visited 1 branch of the dungeon, and saw 3 of its levels.

You collected 56 gold pieces.

Inventory:

Hand Weapons
 a - a +0 long sword
 l - a +1 hand axe of electrocution (weapon)
Armour
 c - a +0 kite shield (worn)
 f - a +2 ring mail of cold resistance (worn)
Jewellery
 j - a ring of magical power (left claw)
Wands
 k - a wand of mindburst (4)
Scrolls
 b - 3 scrolls of identify {unknown}
 e - a scroll of torment {unknown}
 i - a scroll of teleportation {unknown}
Potions
 d - a potion of might
 g - a potion of haste {unknown}
 h - a potion of invisibility {unknown}


   Skills:
 - Level 3.0 Fighting
 + Level 4.2 Long Blades
 - Level 2.6 Armour
 - Level 2.6 Shields


You had 3 spell levels left.
You didn't know any spells.
Your spell library contained the following spells:

 Spells                   Type           Power      Damage    Failure   Level
 Animate Skeleton         Necr           0%         N/A       98%         1
 Apportation              Tloc           0%         N/A       98%         1
 Corona                   Hex            0%         N/A       98%         1
 Summon Small Mammal      Summ           0%         N/A       98%         1


Dungeon Overview and Level Annotations

Branches:
Dungeon (3/15)

Altars:
Ashenzari
Okawaru

Annotations:
D:2 Crazy Yiuf


Innate Abilities, Weirdness & Mutations

You have sharp fingernails.
You regenerate magic rapidly.


Message History

You convulse!
* * * LOW HITPOINT WARNING * * *
You block Crazy Yiuf's attack.
Crazy Yiuf grits, "Snurf alas mumblescurry!"
Crazy Yiuf says, "Crazy?
Crazy!?
PORCUPINE!"
Crazy Yiuf cries, "Citrus!"
Crazy Yiuf whimpers, "Adder testudinal fast!"
Crazy Yiuf yells, "Scoff rumpyflump sizzlefizz!"
Crazy Yiuf screams, "Earwax wrapper cloud!"
Crazy Yiuf yells, "Goober!
Goldfish testudinal spinner."
Crazy Yiuf whimpers, "Iron light pizzabubble!"
Crazy Yiuf yells, "Cholesterol head cloud!"
There is a stone staircase leading down here.
Crazy Yiuf flaps his cloak.
Crazy Yiuf says, "Flower!
You stair sizzlefizz."
Crazy Yiuf laughs, "Proton chair seventy!"
Crazy Yiuf screams, "Rifle infinity canine!"
Crazy Yiuf cries, "Buddy pontify sallow!"
Crazy Yiuf says, "Mountain unthinkable toodlewoodle!"
Crazy Yiuf says, "Cod!"
Crazy Yiuf says, "Proton snockshim sallow!"
Crazy Yiuf says, "Ten canine chair!"
Crazy Yiuf says, "Cod!
Leather mobile noodlescoop."
You hit Crazy Yiuf.
Crazy Yiuf is moderately wounded.
Crazy Yiuf hits you with a +4 quarterstaff of chaos!
* * * LOW HITPOINT WARNING * * *
Crazy Yiuf completely misses you.
Crazy Yiuf yells, "Cholesterol light water!"
Crazy Yiuf says, "Goldfish song arm!"
Crazy Yiuf says, "Shadow hog bag!"
Crazy Yiuf cries, "Papa light eyeball!"
You hit Crazy Yiuf.
Crazy Yiuf is moderately wounded.
Crazy Yiuf hits you with a +4 quarterstaff of chaos!
* * * LOW HITPOINT WARNING * * *
You feel yourself speed up.
Crazy Yiuf says, "East head ragdoll!"
Crazy Yiuf hits you with a +4 quarterstaff of chaos!
You die...

#.# #.#######.........# #..# #.#
#.# #.........## #..# #.###.##
#.#.....#.# #..#
#.##...#####.##....#.# #..#
######.#.###.##......####.## #..#
.........# #.##.#.#..###...###..#
#........###.............#...>..#
#.####.#.....##g#.#.#.##...###..#
#.##...#####.##.@...#.###.####.##
#.##.### #.###...##.# #........
#.##.# #.##.....#.# ######.#.
(.##.# #..........# #.#. ####.#
#<.#.......# ##.#. #.#
#..##...#..# ###.... ####.#
#..###.##..# #...#.. .....#
#......##..# #.#...# ######
##.######..###########


You could see Crazy Yiuf.

Vanquished Creatures
  3 adders
  3 worms
  A dart slug (D:1)
  An orc (D:3)
  4 ball pythons
  3 bats
  6 endoplasms
  A giant cockroach (D:1)
  5 goblins
  2 hobgoblins
  6 jackals (D:2)
  3 kobolds (D:2)
  2 quokkas
  3 frilled lizards
  4 rats
47 creatures vanquished.

Vanquished Creatures (others)
  3 plants (D:1)
3 creatures vanquished.

Grand Total: 50 creatures vanquished

Notes
Turn   | Place    | Note
-------+----------+-------------------------------------------
     0 | D:1      | siradein the Demonspawn Fighter began the quest for the
                  | Orb.
     0 | D:1      | Reached XP level 1. HP: 18/18 MP: 1/1
    68 | D:1      | Reached skill level 2 in Long Blades
   139 | D:1      | Gained mutation: You regenerate magic rapidly. [demonic
                  | ancestry]
   139 | D:1      | Reached XP level 2. HP: 24/24 MP: 2/2
   655 | D:1      | Reached skill level 3 in Long Blades
  1124 | D:2      | Gained mutation: You have sharp fingernails. [demonic
                  | ancestry]
  1124 | D:2      | Reached XP level 3. HP: 9/29 MP: 3/3
  1705 | D:2      | Found a faded altar of an unknown god.
  2149 | D:2      | Reached XP level 4. HP: 30/35 MP: 4/4
  2294 | D:2      | Reached skill level 4 in Long Blades
  2403 | D:2      | Found a runed translucent door.
  2404 | D:2      | Noticed Crazy Yiuf
  2439 | D:3      | Found a broken altar of Ashenzari.
  2498 | D:3      | Found an iron altar of Okawaru.
  3250 | D:2      | Mangled by Crazy Yiuf

Illustrated notes

Levels and vault maps discovered:
D:1:      dpeg_arrival_orchard, layout_loops_ring, serial_forest,
          infiniplex_forest_lined_2, infiniplex_forest_clump_small,
          infiniplex_forest_clump_double, infiniplex_forest_straight_1,
          infiniplex_forest_end_1, infiniplex_forest_clump_small,
          infiniplex_forest_lined_ring, infiniplex_forest_clump_long,
          infiniplex_forest_clump_diagonal
D:2:      layout_loops_ring, basic_ecumenical_altar, uniq_crazy_yiuf_cottage
D:3:      layout_loops_corners, lemuel_round_altar, lemuel_crystal_altar,
          lemuel_round_altar, nrook_uturn, minivault_19,
          chequers_serial_rivers_room_b, serial_bayou_pond_e

Skill      XL: |  1  2  3  4 |
---------------+-------------+-----
Long Blades    | 2 3 4 |  4.2
Fighting       | |  3.0
Armour         | |  2.6
Shields        | |  2.6

Action                   |  1- 3 |  4- 6 || total
-------------------------+-------+-------++-------
Melee: Long sword        |   118 |    28 ||   146
       Hand axe          |       |     3 ||     3
Armor: Scale mail        |     8 |       ||     8
       Ring mail         |    57 |     9 ||    66
Dodge: Dodged            |    36 |     9 ||    45
Block: Kite shield       |    54 |    13 ||    67
       Rpst.: Long sword |    11 |     1 ||    12

Table legend: (Time is in decaauts)
 A = Elapsed time spent in this place.
 B = Non-inter-level travel time spent in this place.
 C = Inter-level travel time spent in this place.
 D = Time resting spent in this place.
 E = Time spent auto-exploring this place.
 F = Levels seen in this place.
 G = Mean time per level.
                   A        B        C        D        E       F      G
               +--------+--------+--------+--------+--------+-----+--------+
         Total |   3321 |   3200 |    121 |    206 |   2405 |   3 | 1107.0 |
       Dungeon |   3321 |   3200 |    121 |    206 |   2405 |   3 | 1107.0 |
               +--------+--------+--------+--------+--------+-----+--------+

Top non-repeatable levels by time:
     D:2: 1428 daAuts
     D:1: 1242 daAuts
     D:3: 650 daAuts
